 Dungeon Crawl Stone Soup version 0.32-a0-913-g739538afd8 (webtiles) character file.

Game seed: 18330564818985287490

757 whatisthis the Magician (level 7, -2/40 HPs)
             Began as a Deep Elf Alchemist on Apr 7, 2024.
             Slain by a sleepcap (21 damage)
             ... on level 6 of the Dungeon.
             The game lasted 00:15:49 (5211 turns).

whatisthis the Magician (Deep Elf Alchemist)        Turns: 5211, Time: 00:15:50

Health: -2/40      AC:  4    Str:  5    XL:     7   Next: 50%
Magic:  12/18      EV:  2    Int: 28    God:
Gold:   340        SH:  0    Dex: 15    Spells: 9/19 levels left

rFire   . . .        c - +4 whip
rCold   . . .        (no shield)
rNeg    . . .        a - +0 robe
rPois   +            p - +0 helmet
rElec   .            (no cloak)
rCorr   .            m - +0 pair of gloves
SInv    .            (no boots)
Will    .....        h - amulet of the acrobat
Stlth   ++           q - +6 ring of intelligence
HPRegen 0.26/turn    w - ring of poison resistance
MPRegen 0.16/turn

%: acrobat
@: sleeping
A: no striking features
a: no special abilities


You were on level 6 of the Dungeon.
You visited 1 branch of the dungeon, and saw 6 of its levels.
You also visited: Sewer.

You collected 340 gold pieces.

Inventory:

Hand Weapons
 c - a +4 whip (weapon)
 r - a +2 dagger of holy wrath
Missiles
 d - 17 poisoned darts
 t - 6 boomerangs
Armour
 a - a +0 robe (worn)
 m - a +0 pair of gloves (worn)
 p - a +0 helmet (worn)
Jewellery
 h - an amulet of the acrobat (around neck)
 q - a +6 ring of intelligence (left hand)
 u - the amulet of Guinaxe {Will- Regen+ Slay+4}
   (You found it on level 5 of the Dungeon)

   [amulet of regeneration]

   Slay+4:    It affects your accuracy & damage with ranged weapons and melee
   (+4).
   Will-:     It decreases your willpower.
   Regen+:    It increases your rate of health regeneration.
 w - a ring of poison resistance (right hand)
 z - a ring of protection from cold
Wands
 s - a wand of polymorph (1)
Scrolls
 k - 4 scrolls of fear
 o - 2 scrolls of blinking
 v - a scroll of butterflies
 x - a scroll of enchant armour
 y - a scroll of noise {unknown}
 A - a scroll of vulnerability {unknown}
Potions
 b - a potion of magic
 e - a potion of might {unknown}
 f - 2 potions of heal wounds {unknown}
 g - 2 potions of brilliance {unknown}
 i - a potion of cancellation {unknown}
 j - 2 potions of invisibility {unknown}
 l - 3 potions of curing
 n - a potion of degeneration {unknown}


   Skills:
 + Level 2.4 Fighting
 - Level 2.4 Dodging
 - Level 2.4 Stealth
 + Level 6.5 Spellcasting
 + Level 4.8 Conjurations
 + Level 5.8 Alchemy


You had 9 spell levels left.
You knew the following spells:

 Your Spells              Type           Power      Damage    Failure   Level
a - Sting                 Conj/Alch      100%       1d9       1%          1
b - Mercury Vapours       Alch/Air       50%        N/A       2%          2
c - Mephitic Cloud        Conj/Alch/Air  29%        N/A       4%          3
d - Olgreb's Toxic Radia  Alch           41%        N/A       5%          4

Your spell library contained the following spells:

 Spells                   Type           Power      Damage    Failure   Level
 Magic Dart               Conj           100%       1d8       1%          1
 Searing Ray              Conj           72%        2d7       1%          2
 Apportation              Tloc           18%        N/A       6%          1
 Fulminant Prism          Conj/Alch      19%        3d10      6%          4
 Jinxbite                 Hex            18%        N/A       9%          2
 Alistair's Intoxication  Alch           27%        N/A       14%         5
 Inner Flame              Hex/Fire       9%         N/A       17%         3
 Sticky Flame             Fire/Alch      25%        2d6       17%         4
 Flame Wave               Conj/Fire      22%        2d8       22%         4


Dungeon Overview and Level Annotations

Branches:
Dungeon (6/15)              Sewer (visited)
 Temple: D:4-7

Altars:

Shops:
D:1 (   D:4 !   D:5 [


Message History

Your attacks no longer feel as feeble.
The sleepcap misses you. The sleepcap attacks as it pursues you!
The sleepcap completely misses you. The sleepcap attacks as it pursues you!
The sleepcap releases spores at you. The sleepcap attacks as it pursues you!
The sleepcap completely misses you. The sleepcap attacks as it pursues you!
The sleepcap misses you.
Aiming: Sting (safe; 1% risk of failure)
Press: ? - help, Q - select action, (/) - cycle Shift-Dir - straight line, f/p - sleepcap
Aim: a sleepcap (lightly damaged, 100% to hit)
The sting hits the sleepcap.
The sleepcap is poisoned.
The sleepcap is lightly damaged.
The sleepcap closely misses you.
Aiming: Sting (safe; 1% risk of failure)
Press: ? - help, Q - select action, (/) - cycle Shift-Dir - straight line, f/p - sleepcap
Aim: a sleepcap (lightly damaged, poisoned, 100% to hit)
The sting hits the sleepcap.
The sleepcap partially resists.
The sleepcap looks even sicker.
The sleepcap is lightly damaged.
The sleepcap barely misses you.
Aiming: Sting (safe; 1% risk of failure)
Press: ? - help, Q - select action, (/) - cycle Shift-Dir - straight line, f/p - sleepcap
Aim: a sleepcap (moderately damaged, very poisoned, 100% to hit)
The sting hits the sleepcap but does no damage.
The sleepcap looks even sicker.
The sleepcap is moderately damaged.
The sleepcap releases spores at you.
Aiming: Sting (safe; 1% risk of failure)
Press: ? - help, Q - select action, (/) - cycle Shift-Dir - straight line, f/p - sleepcap
Aim: a sleepcap (moderately damaged, very poisoned, 100% to hit)
The sting hits the sleepcap.
The sleepcap partially resists.
The sleepcap is moderately damaged.
The sleepcap releases spores at you.
You hit the sleepcap.
The sleepcap is moderately damaged.
The sleepcap releases spores at you.
You are engulfed in a cloud of soporific spores!
You fall asleep.
The sleepcap releases spores at you!!
Ouch! That really hurt!
You die...

#.# #.#......# ##.###.#......#
#......#......#
.#####..#......#
...............#
######.###.....# ##############
........#.>.#### #............#
#########.########.##########.#
........#......f@........# #.#
#######.##########.#####.# #.#
#.# #.# #.# #.# #.# #.# #.# #.#
#.# #.# #.# #.# #.# #.#####.#
#.# #.# #.......# #.# #.#
######### #.#
#.#####################.##


You could see a sleepcap (very poisoned).

Vanquished Creatures
  Pargi (Sewer)
  2 ogres (D:5)
  A kobold brigand (D:3)
  3 scorpions
  2 bombardier beetles
  An iguana (D:4)
  An orc wizard (D:5)
  Robin (D:3)
  An adder (D:2)
  A white imp (D:5)
  2 ribbon worms
  5 orcs (D:5)
  5 endoplasms
  3 giant cockroaches
  14 goblins
  9 hobgoblins
  11 jackals
  5 quokkas
  12 ball pythons
  A bat (D:1)
  2 frilled lizards (D:1)
  11 kobolds
  7 rats
101 creatures vanquished.

Notes
Turn   | Place    | Note
-------+----------+-------------------------------------------
     0 | D:1      | whatisthis the Deep Elf Alchemist began the quest for the
                  | Orb.
     0 | D:1      | Reached XP level 1. HP: 10/10 MP: 6/6
   123 | D:1      | Reached XP level 2. HP: 12/15 MP: 8/8
   127 | D:1      | Learned a level 2 spell: Mercury Vapours
   329 | D:1      | Found Jayfun's Antique Weapon Boutique.
   621 | D:1      | Reached XP level 3. HP: 19/19 MP: 5/10
  1176 | D:2      | Reached skill level 4 in Spellcasting
  1297 | D:2      | Learned a level 3 spell: Mephitic Cloud
  1325 | D:2      | Found a faded altar of an unknown god.
  2183 | D:3      | Noticed Robin
  2206 | D:2      | Reached XP level 4. HP: 24/24 MP: 12/12
  2289 | D:3      | Killed Robin
  2916 | D:4      | Noticed an ice beast
  3060 | D:4      | Reached XP level 5. HP: 28/28 MP: 4/14
  3318 | D:4      | Found Ariuqan's Distillery.
  3387 | D:4      | Reached skill level 5 in Spellcasting
  3585 | D:3      | Reached skill level 1 in Fighting
  3585 | D:3      | Reached XP level 6. HP: 31/34 MP: 11/16
  3760 | D:5      | Entered Level 5 of the Dungeon
  3766 | D:5      | Reached skill level 5 in Alchemy
  4043 | D:5      | Found Unolatt's Armour Shoppe.
  4079 | D:5      | Found a glowing drain.
  4086 | Sewer    | Entered a sewer
  4178 | Sewer    | Noticed Pargi
  4186 | Sewer    | Killed Pargi
  4187 | Sewer    | Reached skill level 6 in Spellcasting
  4187 | Sewer    | Reached XP level 7. HP: 39/39 MP: 8/18
  4371 | D:5      | Identified the amulet of Guinaxe {Will- Regen+ Slay+4}
  4673 | D:5      | Learned a level 4 spell: Olgreb's Toxic Radiance
  5211 | D:6      | Slain by a sleepcap

Illustrated notes

Levels and vault maps discovered:
D:1:      orjb1_clovarrival, layout_basic, serial_shops, shop,
          minmay_misc_feat_four_crosses, st_stairs_1
D:2:      layout_loops_corners, shapermc_ecumenical_altar_mp_urbaneastern,
          minmay_pentomino_u2
D:3:      layout_basic, uniq_robin
D:4:      layout_loops_corners, serial_shops, shop
D:5:      layout_loops_ring, serial_shops, shop,
          mainiacjoe_sewer_entry_somewhere_in_here_1
D:6:      layout_basic, mainiacjoe_overflow_paths, temple_doors_e, serial_shops,
          shop

Skill      XL: |  1  2  3  4  5  6  7 |
---------------+----------------------+-----
Conjurations   | 2 3 4 |  4.8
Spellcasting   | 4 5 6 |  6.5
Alchemy        | 4 5 |  5.8
Fighting       | 1 2 |  2.4
Dodging        | |  2.4
Stealth        | |  2.4

Action                     |  1- 3 |  4- 6 |  7- 9 || total
---------------------------+-------+-------+-------++-------
  Melee: Whip              |    57 |    34 |    11 ||   102
  Throw: Boomerang         |       |       |     7 ||     7
   Cast: Sting             |    37 |    46 |    17 ||   100
         Mercury Vapours   |    18 |    27 |     3 ||    48
         Mephitic Cloud    |       |     3 |     2 ||     5
         Olgreb's Toxic Ra |       |       |     3 ||     3
  Evoke: Wand              |       |       |     1 ||     1
    Use: Scroll            |       |       |     5 ||     5
   Stab: Sleeping          |     1 |     2 |       ||     3
 Armour: Robe              |    27 |    53 |    23 ||   103
  Dodge: Dodged            |    41 |    89 |    14 ||   144

Table legend: (Time is in decaauts)
 A = Elapsed time spent in this place.
 B = Non-inter-level travel time spent in this place.
 C = Inter-level travel time spent in this place.
 D = Time resting spent in this place.
 E = Time spent auto-exploring this place.
 F = Levels seen in this place.
 G = Mean time per level.
                   A        B        C        D        E       F      G
               +--------+--------+--------+--------+--------+-----+--------+
         Total |   5254 |   4979 |    275 |    932 |   2443 |   7 |  750.6 |
       Dungeon |   5025 |   4750 |    275 |    837 |   2403 |   6 |  837.5 |
         Sewer |    229 |    229 |      0 |     95 |     40 |   1 |  229.0 |
               +--------+--------+--------+--------+--------+-----+--------+

Top non-repeatable levels by time:
     D:2: 1169 daAuts
     D:3: 1050 daAuts
     D:5: 1047 daAuts
     D:1: 943 daAuts
     D:4: 619 daAuts
   Sewer: 229 daAuts
     D:6: 194 daAuts
